Map: Pylon LE

Players

ManlyManMeat

  • Race: Zerg Zerg
  • League: Master
  • Spawn Location: 5:00

HeltrSweltr - Winner!

  • Race: Terran Terran
  • Spawn Location: 11:00

VOD

Have the link to the VOD?

Description

Time

  • Played on: June 17, 2025, 8:32 a.m.
  • Length: 6:54
Show
View Real Time Build Order
Export as new Build Order

ManlyManMeat Zerg 

Build Orders: Hatch First 

Get SALT Encoding   

  12  0:00  Drone  
  13  0:12  Overlord  
  13  0:16  Drone  
  14  0:31  Drone x2  
  16  0:46  Hatchery  
  15  0:50  Drone  
  15  0:54  Drone  
  17  1:10  Spawning Pool  
  17  1:11  Extractor  
  15  1:14  Drone  
  15  1:18  Drone  
  17  1:20  Drone  
  18  1:28  Drone  
  19  1:38  Drone  
  20  1:59  Queen  
  20  2:00  Queen  
  24  2:02  Zergling x2  
  24  2:03  Zergling x2  
  24  2:04  Overlord  
  26  2:08  Drone  
  26  2:14  Drone  
  28  2:16  Metabolic Boost  
  28  2:33  Drone x4  
  32  2:48  Drone x2  
  34  2:51  Queen  
  34  2:58  Overlord x2  
  36  3:05  Overlord  
  36  3:23  Hatchery  
  36  3:24  Drone x3  
  36  3:25  Drone x4  
  42  3:34  Drone x3  
  45  3:43  Drone x2  
  47  3:53  Drone x3  
  47  3:54  Drone x3  
  53  4:02  Drone x2  
  53  4:07  Lair  
  53  4:11  Baneling Nest  
  53  4:15  Extractor  
  53  4:16  Extractor x2  
  49  4:17  Zergling x4  
  49  4:23  Overlord x2  
  49  4:34  Zergling x8  
  38  4:47  Zergling x8  
  41  4:57  Drone x2  
  36  5:05  Drone x2  
  36  5:06  Drone x4  
  36  5:18  Drone x6  
  42  5:23  Roach Warren  
  41  5:30  Queen  
  43  5:39  Zergling x6  
  43  5:40  Zergling x4  
  48  5:53  Drone x4  
  48  5:54  Drone x2  
  54  6:00  Drone x3  
  54  6:01  Drone  
  58  6:14  Queen  
  58  6:16  Drone x4  
  58  6:17  Drone  
Show
View Real Time Build Order
Export as new Build Order

HeltrSweltr Terran - Winner!

Build Orders: Gas First Reaper Expand, Hellion Opening 

Get SALT Encoding   

  12  0:02  SCV  
  13  0:15  SCV  
  13  0:19  Supply Depot  
  14  0:24  Refinery  
  14  0:32  SCV  
  15  0:44  Barracks  
  15  0:49  SCV  
  16  1:01  SCV  
  17  1:13  SCV  
  18  1:25  SCV  
  19  1:31  Reaper  
  20  1:38  Command Center  
  20  1:41  SCV  
  21  2:05  Factory  
  21  2:08  Orbital Command  
  21  2:13  Supply Depot  
  21  2:17  Barracks Reactor  
  21  2:47  SCV  
  22  3:01  Orbital Command  
  22  3:04  Hellion x2  
  27  3:12  SCV  
  27  3:16  Starport  
  27  3:25  Hellion x2  
  31  3:27  SCV  
  31  3:29  SCV  
  31  3:32  Supply Depot  
  33  3:35  Supply Depot  
  33  3:46  Hellion  
  33  3:47  Hellion  
  37  4:09  Starport Tech Lab, Refinery  
  37  4:11  Fusion Core  
  37  4:12  Marine  
  42  4:17  Hellion x2  
  42  4:24  SCV x2  
  46  4:38  Hellion x2  
  36  5:19  Battlecruiser  
  44  5:21  Hellion x2  
  46  5:38  SCV  
  46  5:39  SCV  
  50  5:43  Hellion x2  
  52  5:50  SCV  
  52  5:51  SCV  
  55  6:04  Hellion, Refinery  
  55  6:05  Refinery  
  55  6:08  Command Center  
  55  6:09  Engineering Bay  
Tags
 
Add a new tag
Caveats
  • Supply blocks, unpowered buildings, or Contaminate may cause inaccurate times.
  • Supply counts are checked every 10 seconds.